 Dungeon Crawl Stone Soup version 0.25-a0-516-g7d600cd9ad (webtiles) character file.

Game seed: 15993554401264685682, levelgen mode: deterministic

81 Notrik the Skirmisher (level 4, 0/41 HPs)
             Began as a Hill Orc Fighter on Feb 17, 2020.
             Slain by a worm (8 damage)
             ... on level 2 of the Dungeon.
             The game lasted 00:01:28 (1662 turns).

Notrik the Skirmisher (Hill Orc Fighter)            Turns: 1662, Time: 00:01:28

Health: 0/41       AC:  7    Str: 19    XL:     4   Next: 42%
Magic:  4/4        EV:  7    Int:  8    God:
Gold:   97         SH:  9    Dex: 10    Spells: 3/3 levels left

rFire    . . .     SeeInvis .   a - +0 war axe
rCold    . . .     Gourm    .   c - +0 kite shield
rNeg     . . .     Faith    .   b - +0 scale mail
rPois    .         Spirit   .   (no helmet)
rElec    .         Reflect  .   (no cloak)
rCorr    .         Harm     .   (no gloves)
MR       .....                  (no boots)
Stlth    ..........             (no amulet)
HPRegen  0.13/turn              (no ring)
MPRegen  0.09/turn              (no ring)

@: no status effects
A: no striking features
a: no special abilities


You were on level 2 of the Dungeon.
You were not hungry.

You visited 1 branch of the dungeon, and saw 2 of its levels.

You collected 97 gold pieces.

Inventory:

Hand Weapons
 a - a +0 war axe (weapon)
Armour
 b - a +0 scale mail (worn)
 c - a +0 kite shield (worn)
Scrolls
 f - a scroll of remove curse {unknown}
 g - a scroll of teleportation {unknown}
 i - 2 scrolls of identify {unknown}
 j - 2 scrolls of enchant armour {unknown}
 m - a scroll of fear {unknown}
Potions
 d - 2 potions of might
 h - a potion of ambrosia {unknown}
 k - 2 potions of heal wounds {unknown}
 l - a potion of agility {unknown}
Comestibles
 e - 4 rations {!d}


   Skills:
 + Level 4.3 Fighting
 + Level 3.8 Axes
 + Level 4.0 Armour
 + Level 4.0 Shields


You had 3 spell levels left.
You didn't know any spells.
Your spell library was empty.

Dungeon Overview and Level Annotations

Branches:
Dungeon (2/15)

Altars:


Message History

No target in view!
No target in view!
You start resting.
You feel sick. x4
You are no longer poisoned.
You start resting.
You are feeling hungry.
You butcher the quokka corpse.
n - a chunk of flesh You see here a quokka skeleton. x2
Eat a chunk of flesh? (ye/n/q)
Okay, then.
Eating a chunk of flesh.
You eat the chunk of flesh.
A worm comes into view.
You see here an adder corpse.
A worm is nearby!
A worm is nearby!
A worm is nearby!
A goblin comes into view.
A worm and a giant cockroach come into view.
You hit the worm but do no damage. The worm completely misses you.
Your shield and scale mail prevent you from hitting the worm.
You closely miss the giant cockroach. The giant cockroach barely misses you.
You block the giant cockroach's attack. The worm bites you.
You hit the worm. You hit the giant cockroach.
You kill the giant cockroach!
You barely miss the goblin.
The goblin hits you but does no damage. x2
The worm bites you.
* * * LOW HITPOINT WARNING * * *
You hit the worm.
Your shield and scale mail prevent you from hitting the goblin.
You block the goblin's attack.
You slash the worm! You hit the worm but do no damage.
You closely miss the goblin. The goblin hits you but does no damage.
You block the worm's attack. The goblin hits you but does no damage.
The worm bites you!
* * * LOW HITPOINT WARNING * * *
You slash the worm! You closely miss the goblin. You hit the worm.
The goblin hits you but does no damage. You block the worm's attack.
You barely miss the worm. You hit the worm. You hit the goblin.
You kill the goblin!
Your Armour skill increases to level 4!
The worm bites you.
* * * LOW HITPOINT WARNING * * *
The worm bites you but does no damage.
You hit the worm. You slash the worm!
You kill the worm!
Your Shields skill increases to level 4!
The worm bites you!
You die...

#.#.......# #.#..#.####
#######+#.......#########
#............##..÷.......
#............##..†.......
#....(.......##..........
#######.....>##..........
#########..........
#@.......$.
#....†w.........
#...............
#...............
#..............
#..............
###########.... #+#


You could see a worm.

Vanquished Creatures
  4 adders (D:2)
  A worm (D:2)
  3 dart slugs (D:1)
  A leopard gecko (D:1)
  3 bats (D:2)
  3 giant cockroaches (D:2)
  7 goblins
  5 hobgoblins
  A quokka (D:2)
  A frilled lizard (D:2)
  2 kobolds (D:1)
  4 rats
35 creatures vanquished.

Notes
Turn   | Place    | Note
-------+----------+-------------------------------------------
     0 | D:1      | Notrik the Hill Orc Fighter began the quest for the Orb.
     0 | D:1      | Reached XP level 1. HP: 19/19 MP: 1/1
   315 | D:1      | Reached XP level 2. HP: 22/27 MP: 2/2
   742 | D:1      | Reached XP level 3. HP: 33/33 MP: 3/3
  1379 | D:2      | Reached XP level 4. HP: 27/40 MP: 4/4
  1662 | D:2      | Slain by a worm

Levels and vault maps discovered:
D:1:      dpeg_arrival_simpleton_c, layout_loops_cross, chequers_arboretum
D:2:      layout_basic, okawaru_altar_gauntlet_db

Skill      XL: |  1  2  3  4 |
---------------+-------------+-----
Axes           | 3 |  3.8
Fighting       | 4 |  4.3
Armour         | 4 |  4.0
Shields        | 4 |  4.0

Action                   |  1- 3 |  4- 6 || total
-------------------------+-------+-------++-------
Melee: War axe           |    90 |    27 ||   117
  Eat: Chunk             |     2 |     1 ||     3
Armor: Scale mail        |    44 |    19 ||    63
Dodge: Dodged            |    24 |     9 ||    33
Block: Kite shield       |    43 |    17 ||    60

Table legend:
 A = Non-vault XP
 B = Vault XP
 C = Vault XP percentage of total XP
 D = Non-vault monster count
 E = Vault monster count
 F = Vault count percentage of total count
                 A         B        C        D         E       F
            +---------+---------+-------+---------+---------+-------
      Total |     117 |       0 |   0.0 |      35 |       0 |   0.0
            +---------+---------+-------+---------+---------+-------
        D:1 |      37 |       0 |   0.0 |      17 |       0 |   0.0
        D:2 |      80 |       0 |   0.0 |      18 |       0 |   0.0
            +---------+---------+-------+---------+---------+-------
